 Dungeon Crawl Stone Soup version bcrawl-1.22 (webtiles) character file.

Game seed: 13877985711826369367

182657 MisterOstroum the Sharpshooter (level 19, -7/135 HPs)
             Began as a Kobold Hunter on May 4, 2020.
             Was a High Priest of Okawaru.
             Mangled by a stone giant simulacrum (11 damage)
             ... on level 1 of the Vaults on May 14, 2020.
             The game lasted 02:22:24 (36941 turns).

MisterOstroum the Sharpshooter (Kobold Hunter)     Turns: 36941, Time: 02:22:24

Health: -7/135     AC: 23    Str: 16    XL:     19   Next: 4%
Magic:  15/27      EV: 26    Int: 13    God:    Okawaru [*****.]
Gold:   765        SH: 16    Dex: 22    Spells: 12/28 levels left

rFire    + . .     SeeInvis +   a - +1 arbalest (freeze)
rCold    + . .     Gourm    .   (shield currently unavailable)
rNeg     . . .     Faith    .   k - +0 scale mail {rC+}
rPois    +         Spirit   .   x - +2 helmet
rElec    +         Reflect  +   I - +2 cloak
rCorr    .         Harm     .   n - +2 pair of gloves {Str+3}
MR       +....     NoTele   +   Z - +2 pair of boots
Stlth    +++++.....             g - +4 amulet of reflection
HPRegen  0.32/turn              N - ring of the Battered Coins {rElec rF+ Dex+2 Slay+3}
MPRegen  0.20/turn              t - ring "Nugaxkya" {-Tele +Inv rPois SInv}

@: heroism, marked, singing (expiring), drained
A: small, talons 1, carnivore, mutation resistance 1
a: Heroism, Finesse, Renounce Religion, Evoke Invisibility


You were on level 1 of the Vaults.
You worshipped Okawaru.
Okawaru was extremely pleased with you.
You were completely stuffed.

You visited 6 branches of the dungeon, and saw 25 of its levels.
You visited the Abyss 1 time.
You also visited: Ice Cave and Volcano.

You collected 2528 gold pieces.
You spent 1763 gold pieces at shops.

Inventory:

Hand Weapons
 a - a +1 arbalest of freezing (weapon)
 b - a +4 dagger of chaos
 c - the +6 triple crossbow "Muuffosehi" {velocity, rF+}
   (Okawaru gifted it to you on level 12 of the Dungeon)

   Any bolt fired from it inflicts extra damage.
   It protects you from fire.
 v - a +2 double sword of holy wrath
 V - a +0 blowgun
Missiles
 d - 6162 bolts (quivered)
 y - 15 curare-tipped needles
 O - 4 throwing nets {!f!f}
Armour
 k - a +0 scale mail of cold resistance (worn)
 n - a +2 pair of gloves of strength (worn)
 x - a +2 helmet (worn)
 I - a +2 cloak (worn)
 Z - a +2 pair of boots (worn)
Jewellery
 g - a +4 amulet of reflection (around neck)
 q - a +5 ring of strength
 r - an uncursed amulet of the acrobat
 t - the ring "Nugaxkya" (right hand) {-Tele +Inv rPois SInv}
   (You bought it in a shop on level 7 of the Dungeon)

   [ring of see invisible]

   It protects you from poison.
   It lets you see invisible.
   It lets you turn invisible.
   It prevents most forms of teleportation.
 N - the ring of the Battered Coins (left hand) {rElec rF+ Dex+2 Slay+3}
   (You acquired it on level 2 of the Shoals)

   [ring of dexterity]

   It affects your dexterity (+2).
   It affects your accuracy and damage with ranged weapons and melee attacks
   (+3).
   It protects you from fire.
   It insulates you from electricity.
 P - an uncursed ring of protection from cold
Wands
 f - a wand of flame (5)
 l - a wand of iceblast (4)
 w - a wand of acid (17)
 J - a wand of polymorph (18)
 M - a wand of enslavement (9)
 R - a wand of disintegration (30)
 U - a wand of digging (17)
 X - a wand of clouds (12)
 Y - a wand of paralysis (11)
Scrolls
 h - 2 scrolls of blinking {@r4}
 s - 2 scrolls of fear {!r}
 u - 3 scrolls of teleportation {@r3 !r}
 A - 2 scrolls of fog {!r}
 B - 5 scrolls of identify {@r1}
 C - a scroll of magic mapping {@r5 !r}
 G - 3 scrolls of vulnerability
 H - 3 scrolls of immolation
 S - 10 scrolls of remove curse {@r2}
Potions
 j - 4 potions of mutation
 m - 3 potions of agility {@q5 !q}
 o - 4 potions of resistance
 p - a potion of lignification {@q6}
 z - a potion of berserk rage
 D - a potion of might {@q3 !q}
 E - 2 potions of cancellation
 F - 4 potions of curing {@q1 !q}
 L - 4 potions of ambrosia
 Q - a potion of haste {@q4 !q}
Miscellaneous
 i - a lightning rod (4/4)
 K - a phial of floods
 T - a lamp of fire (inert)
Comestibles
 e - 54 rations {!d}
 W - 7 chunks of flesh


   Skills:
 + Level 13.9(18.0) Fighting
 - Level 10.7(14.9) Short Blades
 * Level 20.5(24.5) Crossbows
 - Level 8.0(12.1) Armour
 - Level 12.0(16.1) Dodging
 - Level 12.4(16.5) Stealth
 - Level 5.0(4.3) Spellcasting
 + Level 2.8(2.2) Charms
 - Level 10.0(9.2) Translocations
 - Level 10.0(9.2) Invocations
 - Level 11.8(11.0) Evocations


You had 12 spell levels left.
You knew the following spells:

 Your Spells              Type           Power        Failure   Level  Hunger
a - Blink Other           Tloc           ####..       1%          1    None
b - Song of Slaying       Chrm           #.......     32%         2    ##.....
c - Teleport Other        Tloc           ####....     3%          3    ###....
d - Passage of Golubria   Tloc           N/A          32%         5    ######.
B - Blink                 Tloc           N/A          1%          2    ##.....
P - Portal Projectile     Tloc           ####..       3%          3    ###....

Your spell library contained the following spells:

 Spells                   Type           Power        Failure   Level  Hunger
 Infusion                 Chrm           #.......     22%         1    None
 Swiftness                Chrm/Air       #.......     45%         2    ##.....
 Sandblast                Erth           #.....       47%         1    None
 Shock                    Conj/Air       #....        47%         1    None
 Sting                    Conj/Pois      #...         47%         1    None
 Corpse Rot               Necr           N/A          63%         2    ##.....
 Passwall                 Tmut/Erth      #.......     63%         2    ##.....
 Poisonous Vapours        Pois/Air       #.....       63%         2    ##.....
 Shackle                  Hex            #.......     63%         2    ##.....
 Ozocubu's Armour         Chrm/Ice       #.......     71%         3    ###....
 Regeneration             Chrm/Necr      #.........   71%         3    ###....
 Spectral Weapon          Hex/Chrm       #.......     71%         3    ###....
 Ignite Poison            Fire/Tmut/Pois #.......     85%         3    ###....
 Static Discharge         Air            #.......     85%         3    ###....
 Stone Arrow              Conj/Erth      #.....       85%         3    ###....
 Summon Forest            Summ/Tloc      ##........   92%         5    ######.
 Airstrike                Air            #.........   99%         4    ####...
 Cause Fear               Hex            #.........   99%         4    ####...
 Olgreb's Toxic Radiance  Pois           #........    99%         4    ####...
 Petrify                  Tmut/Erth      #.......     99%         4    ####...
 Summon Scorpions         Summ/Pois      #.......     99%         4    ####...
 Tree Form                Hex/Tmut       N/A          99%         4    ####...
 Bolt of Magma            Conj/Fire/Erth #.........   100%        5    ######.
 Lee's Rapid Deconstruct  Erth           #.........   100%        5    ######.
 Lightning Bolt           Conj/Air       #.........   100%        5    ######.
 Summon Mana Viper        Hex/Summ       #.......     100%        5    ######.
 Venom Bolt               Conj/Pois      #.........   100%        5    ######.
 Iron Shot                Conj/Erth      #.........   100%        6    #######
 Poison Arrow             Conj/Pois      #.........   100%        6    #######
 Statue Form              Tmut/Erth      #........    100%        6    #######
 Summon Hydra             Summ           #.........   100%        6    #######
 Shatter                  Erth           #.........   100%        9    #######


Dungeon Overview and Level Annotations

Branches:
Dungeon (12/12)            Temple (0/1) D:4            Lair (6/6) D:8
 Shoals (2/3) Lair:2        Snake (3/3) Lair:2        Slime (0/5) Lair:5
    Orc (1/1) D:9             Elf (0/3) Orc          Vaults (1/3) D:11
 Depths (0/5) D:12
  Crypt: Vaults:1-2

Altars:
Dithmenos
Elyvilon
Fedhas
Gozag
Hepliaklqana
Makhleb
Okawaru
Ru
Sif Muna
Trog
Zin
Beogh
Jiyva

Shops:
D:5 %   D:6 *   D:7 =   D:9 ?   D:11 :   Orc ?*:}   Vaults:1 %

Annotations:
D:2 Sigmund
D:3 exclusion: door
D:11 !pick up that shit rapier, exclusion: door
Lair:1 exclusion: oklob plant
Snake:3 1 exclusion, Vashnia Orc 1 runed translucent door, SirMumm's ghost, journeyman GrWz


Innate Abilities, Weirdness & Mutations

You are small and have problems with some larger weapons.
You have sharp toenails.
You are carnivorous and can eat meat at any time.
You are somewhat resistant to further mutation.


Message History

The trail of fire hits the death knight!
The death knight is moderately wounded.
The trail of fire hits the centaur warrior!!
The centaur warrior is heavily wounded.
The trail of fire hits the ironbrand convoker!
The ironbrand convoker is lightly wounded.
The centaur warrior is engulfed in blazing flames.
The death knight is engulfed in blazing flames.
The stone giant is engulfed in blazing flames.
The stone giant completely misses you.
Firing (i - inventory. (/) - cycle)
d - 6168 bolts (quivered)
Press: ? - help, Shift-Dir - straight line, f/p - centaur
Aim: a centaur, quivering 102 arrows (unusually strong)
You shoot a bolt. The bolt hits the stone giant.
The bolt freezes the stone giant.
The stone giant is moderately wounded.
The centaur warrior is engulfed in blazing flames.
The stone giant is engulfed in blazing flames.
The stone giant hits you!!
The centaur warrior is engulfed in blazing flames.
You kill the centaur warrior!
Okawaru accepts your kill.
Firing (i - inventory. (/) - cycle)
d - 6167 bolts (quivered)
Press: ? - help, Shift-Dir - straight line, f - ironbrand convoker
Aim: an ironbrand convoker, wielding a +0 flail and wearing a +0 scale mail (flame, lightly wounded, chanting recall, bound soul)
You shoot a bolt. The bolt hits the stone giant!
The bolt freezes the stone giant.
The stone giant is heavily wounded.
The great orb of eyes is recalled.
The rakshasa is recalled.
The death knight is engulfed in blazing flames.
The great orb of eyes is engulfed in blazing flames.
A great orb of eyes comes into view.
The stone giant is engulfed in blazing flames.
The stone giant closely misses you.
Firing (i - inventory. (/) - cycle)
d - 6166 bolts (quivered)
Press: ? - help, Shift-Dir - straight line, f - great orb of eyes, p - ironbrand convoker
Aim: a great orb of eyes (moderately wounded)
You shoot a bolt. The bolt hits the stone giant!!
The bolt freezes the stone giant.
The stone giant is almost dead.
The death knight is engulfed in blazing flames.
The death knight offers itself to Yredelemnul, and fills with unholy energy.
The stone giant is engulfed in blazing flames.
The stone giant hits you!
The ironbrand convoker is engulfed in blazing flames.
The ironbrand convoker casts a spell at the rakshasa.
The rakshasa seems to grow stronger.
Firing (i - inventory. (/) - cycle)
d - 6165 bolts (quivered)
Press: ? - help, Shift-Dir - straight line, f - stone giant
Aim: a stone giant, quivering 52 large rocks (flame, almost dead, bound soul)
You shoot a bolt. The bolt hits the stone giant.
The bolt freezes the stone giant.
The stone giant is almost dead.
An ironbrand convoker comes into view. It is wielding a +0 great mace.
The death knight is engulfed in blazing flames.
The death knight reflects your damage back at you!
The stone giant is engulfed in blazing flames.
You kill the stone giant!
Okawaru accepts your kill.
A freezing mist starts to gather...
The ironbrand convoker is engulfed in blazing flames.
A stone giant simulacrum comes into view.
Firing (i - inventory. (/) - cycle)
d - 6164 bolts (quivered)
Press: ? - help, Shift-Dir - straight line, f - stone giant simulacrum
Aim: a stone giant simulacrum You shoot a bolt.
The bolt hits the stone giant simulacrum!
The stone giant simulacrum is moderately damaged.
The ironbrand convoker is engulfed in blazing flames.
The death knight is engulfed in blazing flames.
The death knight reflects your damage back at you!
* * * LOW HITPOINT WARNING * * *
Casting: Portal Projectile (safe; 2% risk of failure)
Confirm with . or Enter, or press ? or * to list all spells.
You cannot blink because you are wearing the ring "Nugaxkya" {-Tele +Inv rPois SInv}.
Unknown command.
Unknown command.
Firing (i - inventory. (/) - cycle)
d - 6163 bolts (quivered)
Press: ? - help, Shift-Dir - straight line, f/p - stone giant simulacrum
Aim: a stone giant simulacrum (moderately damaged)
You shoot a bolt.
The bolt hits the stone giant simulacrum!
The stone giant simulacrum is heavily damaged.
Your song is almost over.
The ironbrand convoker is engulfed in blazing flames.
The stone giant simulacrum barely misses you.
The death knight is engulfed in blazing flames.
The death knight hits you with a +3 morningstar of draining!
* * * LOW HITPOINT WARNING * * *
You feel drained.
* * * LOW HITPOINT WARNING * * *
The death knight reflects your damage back at you!
* * * LOW HITPOINT WARNING * * *
Really quaff
F - 5 potions of curing {@q1 !q}?
You feel better.
The ironbrand convoker is engulfed in blazing flames.
The stone giant simulacrum hits you!!
* * * LOW HITPOINT WARNING * * *
The stone giant simulacrum freezes you! You resist.
You die...

..................
#...............)
#........#######'
#........# ##....
#........###.....
#........##.#....
#........##..####
###).......##..####
#p@Z.......##.#....
#p##........###...∩.
#§ #........##.#....
G§ #........##..####
.. #........##..####
.. #........##.#....
§ #........###.....
#........# ##....
........# #####


You could see a death knight, a great orb of eyes, an ironbrand convoker and a
stone giant simulacrum.

Vanquished Creatures
  Gastronok (D:8)
  Rupert (Lair:3)
  A lich (Abyss:1)
  Donald (Snake:1)
  A nagaraja (Snake:1)
  2 frost giants
  Aizul (Snake:3)
  Louise (Shoals:2)
  2 stone giants
  An ironheart preserver (Vaults:1)
  2 merfolk impalers
  A merfolk javelineer (Shoals:2)
  An ogre mage (D:12)
  12 naga warriors
  A vault guard (D:11)
  A yaktaur captain (Vaults:1)
  10 hydras
  2 rakshasas
  Harold (D:8)
  2 merfolk avatars
  Psyche (D:10)
  A catoblepas (Lair:6)
  5 centaur warriors
  5 two-headed ogres
  2 anacondas (Snake:2)
  2 merfolk aquamancers (Shoals:1)
  A dancing weapon (Volcano)
  A satyr (shapeshifter) (D:11)
  3 hell hogs (Abyss:1)
  3 death yaks (Lair:6)
  2 alligators (Lair:6)
  A tengu warrior (D:11)
  2 thrashing horrors (Abyss:1)
  A deep troll shaman (Vaults:1)
  7 sea snakes
  3 shock serpents (Snake:2)
  6 naga sharpshooters
  4 deep trolls (Vaults:1)
  A fire crab (shapeshifter) (D:12)
  3 fire crabs
  Sonja (Lair:1)
  A salamander mystic (Snake:3)
  5 skeletal warriors (D:11)
  A glowing orange brain (D:12)
  A flayed ghost (Vaults:1)
  3 lindwurms
  A spatial maelstrom (Abyss:1)
  10 harpies (Shoals:1)
  2 naga ritualists
  4 ironbrand convokers (Vaults:1)
  4 orc knights
  4 cyclopes
  A necromancer (Vaults:1)
  2 mana vipers
  12 ugly things
  3 fauns (Shoals:2)
  8 manticores
  5 toenail golems (Volcano)
  6 deep elf magi
  7 merfolk sirens
  6 salamanders
  16 naga magi
  An apocalypse crab (Abyss:1)
  25 black mambas
  2 water nymphs
  3 guardian serpents
  A vault sentinel (Vaults:1)
  2 elephants (Lair:6)
  4 torpor snails
  A smoke demon (Abyss:1)
  4 gargoyles
  A cane toad (shapeshifter) (D:12)
  9 cane toads
  9 yaktaurs
  2 kobold demonologists (D:10)
  5 rime drakes
  A freezing wraith (Vaults:1)
  6 komodo dragons
  An ancient zyme (Abyss:1)
  A hellwing (Abyss:1)
  2 trolls
  A tengu conjurer (D:11)
  13 merfolk
  26 polar bears
  A tyrant leech (shapeshifter) (D:12)
  4 slime creatures
  4 snapping turtles
  13 hippogriffs
  4 raiju (Lair:6)
  11 blink frogs (Lair:6)
  A hornet (D:7)
  4 dream sheep
  3 water elementals (Shoals:1)
  A vampire (D:11)
  3 large abominations (Abyss:1)
  A centaur simulacrum (D:12)
  2 shadows
  A wraith (D:11)
  3 fire bats (Shoals:1)
  A spriggan (D:9)
  3 wyverns
  4 basilisks
  54 yaks
  A hungry ghost (D:11)
  8 wargs
  31 nagas
  16 crocodiles
  13 hell hounds (Lair:6)
  5 water moccasins
  4 porcupines
  An eye of draining (shapeshifter) (D:12)
  12 black bears
  An ice beast (D:7)
  33 orc warriors
  6 sky beasts
  A phantom (D:12)
  2 eyes of draining (D:11)
  A tengu (shapeshifter) (D:12)
  6 ogres
  14 centaurs
  23 wolves
  3 big kobolds (D:10)
  4 bullfrogs
  2 wyvern zombies (D:8)
  2 scorpions
  A small abomination (Abyss:1)
  4 electric eels
  A howler monkey (D:5)
  5 crimson imps
  4 jellies
  3 centaur zombies
  7 hounds
  6 centaur skeletons
  10 orc priests
  Jessica (D:2)
  5 iguanas
  Natasha (D:3)
  4 hell rats (Lair:5)
  11 orc wizards
  15 worker ants
  2 hound zombies
  2 worker ant zombies
  Robin (D:2)
  3 gnolls (D:2)
  10 adders
  A shadow imp (D:11)
  An ooze (D:2)
  3 adder skeletons
  4 adder zombies
  6 worms
  2 dart slugs
  4 leopard geckos
  88 orcs
  A ball python (D:1)
  8 giant cockroaches
  17 goblins
  8 hobgoblins
  13 jackals
  3 quokkas
  8 bats
  4 frilled lizards
  20 kobolds
  4 rats
  2 fungi (Lair:6)
922 creatures vanquished.

Vanquished Creatures (others)
  A merfolk (Shoals:2)
  2 polar bears (IceCv)
  A yak (IceCv)
  A warg (Lair:6)
  A centaur (D:10)
  5 wolves (IceCv)
  15 fungi
  24 plants
50 creatures vanquished.

Grand Total: 972 creatures vanquished

Notes
Turn   | Place    | Note
-------+----------+-------------------------------------------
     0 | D:1      | MisterOstroum the Kobold Hunter began the quest for the
                  | Orb.
     0 | D:1      | Reached XP level 1. HP: 14/14 MP: 1/1
    52 | D:1      | Reached XP level 2. HP: 20/20 MP: 2/2
   142 | D:1      | Reached skill level 1 in Short Blades
   324 | D:1      | Reached XP level 3. HP: 25/25 MP: 3/3
   945 | D:2      | Noticed Sigmund
   990 | D:2      | Noticed Robin
  1127 | D:2      | Noticed Jessica
  1141 | D:2      | Killed Jessica
  1141 | D:2      | Reached XP level 4. HP: 31/31 MP: 4/4
  1590 | D:2      | Killed Robin
  1661 | D:2      | Reached XP level 5. HP: 30/36 MP: 5/5
  1777 | D:2      | Found a burning altar of Makhleb.
  2835 | D:3      | Reached skill level 5 in Short Blades
  2835 | D:3      | Reached XP level 6. HP: 38/42 MP: 6/6
  2871 | D:3      | Noticed an ogre
  2872 | D:3      | Noticed Natasha
  2982 | D:2      | Killed an ogre
  2982 | D:2      | Reached skill level 5 in Stealth
  3198 | D:3      | Found an iron altar of Okawaru.
  3206 | D:3      | Became a worshipper of Warmaster Okawaru
  3258 | D:3      | Reached skill level 5 in Crossbows
  3360 | D:3      | Reached XP level 7. HP: 46/46 MP: 7/7
  3408 | D:3      | Killed Natasha
  3777 | D:3      | Found a shimmering blue altar of Sif Muna.
  3874 | D:4      | Found a white marble altar of Elyvilon.
  3953 | D:4      | Reached skill level 6 in Crossbows
  3991 | D:4      | Found a staircase to the Ecumenical Temple.
  4087 | D:4      | Reached * piety under Okawaru
  4209 | D:4      | Reached XP level 8. HP: 44/54 MP: 8/8
  4711 | D:4      | Found a roughly hewn altar of Beogh.
  4819 | D:5      | Entered Level 5 of the Dungeon
  5337 | D:5      | Reached skill level 7 in Crossbows
  5481 | D:5      | Reached ** piety under Okawaru
  5481 | D:5      | Reached skill level 5 in Fighting
  5612 | D:5      | Found Tybrilu's Food Shoppe.
  5745 | D:6      | Reached XP level 9. HP: 55/61 MP: 10/10
  5837 | D:6      | Found a bloodstained altar of Trog.
  5893 | D:6      | Got a bloodstained hand axe
  6017 | D:6      | Found Qepyn's Assorted Antiques.
  6025 | D:6      | Bought a coppery potion for 18 gold pieces
  6025 | D:6      | Bought a scroll labeled RAJINA VYPPOU for 21 gold pieces
  6025 | D:6      | Bought a scroll labeled IRPHIY RELIRIPS for 21 gold pieces
  6025 | D:6      | Bought a shiny bronze wand for 84 gold pieces
  6025 | D:6      | Bought a scroll labeled RAJINA VYPPOU for 21 gold pieces
  6025 | D:6      | Bought a scroll labeled VOPPYT QIMIHUFRASK for 21 gold
                  | pieces
  6198 | D:6      | Reached skill level 5 in Dodging
  6466 | D:7      | Noticed a hippogriff
  6481 | D:7      | Noticed a hornet
  6495 | D:7      | Killed a hornet
  6873 | D:7      | Noticed a hippogriff
  6885 | D:7      | Killed a hippogriff
  6913 | D:7      | Found Osoritruidid's Jewellery Boutique.
  7044 | D:7      | Found a blossoming altar of Fedhas.
  7062 | D:7      | Noticed a troll
  7819 | D:8      | Found a hazy altar of Hepliaklqana.
  7847 | D:8      | Reached skill level 8 in Crossbows
  7853 | D:8      | Noticed Harold
  7937 | D:8      | Found a staircase to the Lair.
  7976 | D:8      | Reached *** piety under Okawaru
  7976 | D:8      | Reached XP level 10. HP: 68/68 MP: 11/11
  8330 | D:8      | Reached skill level 10 in Stealth
  8405 | D:8      | Found a shadowy altar of Dithmenos.
  8486 | D:8      | Reached skill level 10 in Short Blades
  8516 | D:8      | Found a sacrificial altar of Ru.
  8517 | D:8      | Found a glowing silver altar of Zin.
  9103 | D:8      | Noticed Gastronok
  9346 | D:8      | Killed Harold
  9346 | D:8      | Reached **** piety under Okawaru
  9346 | D:8      | Received a gift from Okawaru
  9620 | D:9      | Found a staircase to the Orcish Mines.
  9643 | D:9      | Noticed a centaur warrior
  9655 | D:9      | Killed a centaur warrior
  9655 | D:9      | Reached XP level 11. HP: 26/80 MP: 11/13
  9842 | D:9      | Received a gift from Okawaru
  9907 | D:9      | Reached skill level 9 in Crossbows
  9947 | D:9      | Found Jyohaff's Magic Scroll Emporium.
  9951 | D:9      | Found an opulent altar of Gozag.
  9974 | D:9      | Bought a scroll of remove curse for 36 gold pieces
 10429 | D:9      | Received a gift from Okawaru
 10665 | D:10     | Entered Level 10 of the Dungeon
 10671 | D:10     | Reached skill level 5 in Invocations
 10738 | D:10     | Received a gift from Okawaru
 10845 | D:10     | Received a gift from Okawaru
 10845 | D:10     | Reached skill level 10 in Crossbows
 10879 | D:10     | Noticed a purple ugly thing
 10889 | D:10     | Killed a purple ugly thing
 10977 | D:10     | Noticed Psyche
 10977 | D:10     | Noticed an orc knight
 11185 | D:9      | Killed an orc knight
 11240 | D:10     | Reached skill level 10 in Fighting
 11303 | D:10     | Noticed an eight-headed hydra
 11312 | D:10     | Killed an eight-headed hydra
 11312 | D:10     | Reached ***** piety under Okawaru
 11461 | D:10     | Paralysed by Psyche for 3 turns
 11473 | D:10     | Paralysed by Psyche for 2 turns
 11489 | D:10     | Killed Psyche
 11489 | D:10     | Received a gift from Okawaru
 11489 | D:10     | Reached XP level 12. HP: 66/87 MP: 10/17
 11532 | D:10     | Noticed a sixfirhy
 11622 | D:10     | Reached skill level 11 in Crossbows
 11927 | Orc      | Entered the Orcish Mines
 11941 | Orc      | Received a gift from Okawaru
 12008 | Orc      | Noticed a centaur warrior
 12051 | Orc      | Found a dark tunnel.
 12060 | Volcano  | Entered a volcano
 12169 | Volcano  | Reached skill level 12 in Crossbows
 12284 | Volcano  | Noticed a +2 mace of flaming
 12457 | Volcano  | Killed a +2 mace of flaming
 12457 | Volcano  | Reached skill level 13 in Crossbows
 12748 | Volcano  | Reached skill level 1 in Armour
 12748 | Volcano  | Reached skill level 1 in Evocations
 12934 | Orc      | Received a gift from Okawaru
 12978 | Orc      | Reached XP level 13. HP: 69/92 MP: 18/18
 13164 | Orc      | Received a gift from Okawaru
 13253 | Orc      | Received a gift from Okawaru
 13502 | Orc      | Killed a centaur warrior
 13502 | Orc      | Received a gift from Okawaru
 13677 | Orc      | Found a staircase to the Elven Halls.
 13696 | Orc      | Found a runed translucent door.
 13697 | Orc      | Noticed SirMumm's ghost (journeyman GrWz)
 13768 | Orc      | Found Heduce's General Store.
 13768 | Orc      | Found Ralogoof's Book Shop.
 13770 | Orc      | Found Loptott's Gadget Boutique.
 13772 | Orc      | Found Lymper's Magic Scroll Shoppe.
 14051 | D:8      | Killed Gastronok
 14051 | D:8      | Received a gift from Okawaru
 14051 | D:8      | Reached skill level 10 in Dodging
 14051 | D:8      | Reached skill level 5 in Evocations
 14125 | D:7      | Bought the ring "Nugaxkya" {-Tele +Inv rPois SInv} for 386
                  | gold pieces
 14191 | Lair:1   | Entered Level 1 of the Lair of Beasts
 14192 | Lair:1   | Upgraded the game from bcrawl-1.21.3-16-g7f46a08de7 to
                  | bcrawl-1.22
 14219 | Lair:1   | Noticed Sonja
 14222 | Lair:1   | Killed Sonja
 14725 | Lair:1   | Noticed a four-headed hydra
 14729 | Lair:1   | Killed a four-headed hydra
 14729 | Lair:1   | Received a gift from Okawaru
 14990 | Lair:2   | Identified the ring of Attitude {rC+ Str+5 Int-5} (You
                  | acquired it on level 2 of the Lair of Beasts)
 15212 | Lair:2   | Got a fine arbalest
 15218 | Lair:2   | Found a frozen archway.
 15243 | IceCv    | Entered an ice cave
 15266 | IceCv    | Received a gift from Okawaru
 15266 | IceCv    | Reached skill level 5 in Armour
 15535 | IceCv    | Received a gift from Okawaru
 15616 | IceCv    | Reached XP level 14. HP: 68/101 MP: 17/20
 16026 | IceCv    | Noticed a frost giant
 16031 | IceCv    | Received a gift from Okawaru
 16048 | IceCv    | Identified the +1 arbalest "Jellybane" {venom, Dex+2
                  | Stlth+} (You found it on level 2 of the Lair of Beasts)
 16066 | IceCv    | Killed a frost giant
 16066 | IceCv    | Received a gift from Okawaru
 16066 | IceCv    | Reached skill level 14 in Crossbows
 16075 | IceCv    | HP: 3/151 [polar bear (6)]
 16075 | IceCv    | HP: 1/151 [polar bear (2)]
 16080 | IceCv    | Reached ****** piety under Okawaru
 16239 | IceCv    | Got a warped ring mail {god gift}
 16252 | IceCv    | Identified the +3 ring mail "Vave" {SInv} (Okawaru gifted
                  | it to you in an ice cave)
 16339 | IceCv    | Identified Deli's Almanac of Stones and the Oath
 16727 | Lair:2   | Got a polished short sword
 16808 | Lair:2   | Found a staircase to the Snake Pit.
 17142 | Lair:2   | Found a staircase to the Shoals.
 17967 | Lair:3   | Identified the cursed +1 short sword of Precise Incision
                  | {flame, rC+ MP+9} (You found it on level 2 of the Lair of
                  | Beasts)
 18048 | Lair:3   | Noticed Rupert
 18068 | Lair:3   | Killed Rupert
 18576 | Lair:4   | Reached skill level 15 in Crossbows
 18659 | Lair:4   | Reached skill level 10 in Invocations
 19512 | Lair:5   | Received a gift from Okawaru
 19684 | Lair:5   | Found a viscous altar of Jiyva.
 19685 | Lair:5   | Found a staircase to the Slime Pits.
 20057 | Lair:6   | Entered Level 6 of the Lair of Beasts
 20084 | Lair:6   | Received a gift from Okawaru
 20238 | Lair:6   | Reached XP level 15. HP: 104/108 MP: 20/22
 20717 | Lair:6   | Reached skill level 16 in Crossbows
 21256 | Lair:6   | Received a gift from Okawaru
 22048 | Lair:6   | Received a gift from Okawaru
 22431 | Lair:6   | Received a gift from Okawaru
 22457 | Lair:6   | Reached skill level 17 in Crossbows
 22471 | Lair:6   | Got a twitching pewter amulet
 22473 | Lair:6   | Identified the amulet "Qaushoabb" {Inacc Int+8} (You found
                  | it on level 6 of the Lair of Beasts)
 22969 | D:11     | Reached XP level 16. HP: 95/114 MP: 21/23
 23197 | D:11     | Found Duraygao's Book Shop.
 23230 | D:11     | Reached skill level 10 in Evocations
 23260 | D:11     | Bought a book of Spatial Translocations for 715 gold pieces
 23263 | D:11     | Learned a level 2 spell: Blink
 23267 | D:11     | Learned a level 3 spell: Portal Projectile
 23375 | D:11     | Reached skill level 1 in Translocations
 23568 | D:11     | Reached skill level 1 in Spellcasting
 24142 | D:11     | Found a gate to the Vaults.
 24145 | D:11     | Noticed a frost giant
 24159 | D:11     | Killed a frost giant
 24289 | D:12     | Entered Level 12 of the Dungeon
 24294 | D:12     | Received a gift from Okawaru
 24295 | D:12     | Got a fine triple crossbow {god gift}
 24296 | D:12     | Identified the +6 triple crossbow "Muuffosehi" {velocity,
                  | rF+} (Okawaru gifted it to you on level 12 of the Dungeon)
 25414 | D:12     | Reached skill level 18 in Crossbows
 26064 | D:12     | Found a staircase to the Depths.
 26161 | D:12     | Reached skill level 5 in Translocations
 26176 | D:12     | Received a gift from Okawaru
 26429 | Snake:1  | Entered Level 1 of the Snake Pit
 26432 | Snake:1  | Received a gift from Okawaru
 26654 | Snake:1  | Noticed a nagaraja
 26659 | Snake:1  | Killed a nagaraja
 26757 | Snake:1  | Reached XP level 17. HP: 119/119 MP: 25/25
 27635 | Snake:1  | Noticed Donald
 27642 | Snake:1  | Killed Donald
 28823 | Snake:2  | Received a gift from Okawaru
 29589 | Snake:2  | Received a gift from Okawaru
 29636 | Snake:3  | Entered Level 3 of the Snake Pit
 29636 | Snake:3  | Noticed Vashnia
 29702 | Snake:3  | Noticed Aizul
 29717 | Snake:3  | Killed Aizul
 30581 | Snake:3  | Reached skill level 19 in Crossbows
 30581 | Snake:3  | Reached skill level 5 in Spellcasting
 30824 | Snake:3  | Received a gift from Okawaru
 31692 | Shoals:1 | Entered Level 1 of the Shoals
 32290 | Shoals:1 | Reached XP level 18. HP: 119/127 MP: 26/26
 32335 | Shoals:1 | Received a gift from Okawaru
 32982 | Shoals:1 | Received a gift from Okawaru
 33249 | Shoals:1 | Learned a level 1 spell: Blink Other
 33484 | Shoals:1 | Received a gift from Okawaru
 33556 | Shoals:2 | Noticed Louise
 33768 | Shoals:2 | Cast into level 1 of the Abyss (Louise)
 34021 | Abyss:1  | Received a gift from Okawaru
 34058 | Abyss:1  | Reached skill level 10 in Translocations
 34071 | Abyss:1  | Noticed a lich
 34078 | Abyss:1  | Killed a lich
 34087 | Shoals:2 | Escaped the Abyss
 34098 | Shoals:2 | Killed Louise
 34098 | Shoals:2 | Received a gift from Okawaru
 34133 | Shoals:2 | Learned a level 3 spell: Teleport Other
 34139 | Shoals:2 | Learned a level 5 spell: Passage of Golubria
 34155 | Shoals:2 | Received a gift from Okawaru
 34430 | Shoals:2 | Identified the +4 arbalest "Hydrabane" {flame, rElec rC+
                  | Int-5} (Okawaru gifted it to you on level 2 of the Shoals)
 34643 | D:11     | Bought a book of Battle for 440 gold pieces
 34646 | D:11     | Learned a level 2 spell: Song of Slaying
 34833 | Shoals:2 | Reached skill level 20 in Crossbows
 35135 | Shoals:2 | Identified the +1 buckler of Ru's Wrath {*Contam rCorr
                  | Dex+4 SInv} (You acquired it on level 2 of the Shoals)
 35135 | Shoals:2 | Identified the ring of the Battered Coins {rElec rF+ Dex+2
                  | Slay+3} (You acquired it on level 2 of the Shoals)
 35135 | Shoals:2 | Identified the Incunabulum of Confrontation and
                  | Transformation (You acquired it on level 2 of the Shoals)
 35136 | Shoals:2 | Identified the +6 short sword of Fury {venom, +Blink Int+4
                  | SInv} (You acquired it on level 2 of the Shoals)
 35137 | Shoals:2 | Identified the ring "Murodod" {MP+9 Dex+5} (You acquired it
                  | on level 2 of the Shoals)
 35777 | Vaults:1 | Entered Level 1 of the Vaults
 35841 | Vaults:1 | Reached skill level 1 in Charms
 36371 | Vaults:1 | Found Waecod's Food Shoppe.
 36928 | Vaults:1 | Reached XP level 19. HP: 92/135 MP: 14/27
 36941 | Vaults:1 | HP: 4/135 [stone giant simulacrum (21)]
 36941 | Vaults:1 | Mangled by a stone giant simulacrum

Skill      XL: |  1  2  3  4  5  6  7  8  9 10 11 12 13 14 15 16 17 18 |
---------------+-------------------------------------------------------+-----
Short Blades   | 1 3 5 6 8 10 | 10.7
Stealth        | 2 3 4 5 6 9 10 11 12 | 12.4
Fighting       | 3 4 5 6 9 10 11 12 13 | 13.9
Crossbows      | 5 6 7 8 10 13 15 17 18 19 20 | 20.5
Dodging        | 3 4 5 7 9 10 11 12 | 12.0
Invocations    | 2 3 7 8 10 | 10.0
Armour         | 2 5 7 8 |  8.0
Evocations     | 3 6 7 9 10 11 | 11.8
Translocations | 5 8 10 | 10.0
Spellcasting   | 3 5 |  5.0
Charms         | 2 |  2.8

Action                   |  1- 3 |  4- 6 |  7- 9 | 10-12 | 13-15 | 16-18 | 19-21 || total
-------------------------+-------+-------+-------+-------+-------+-------+-------++-------
Melee: Short sword       |    85 |   137 |   260 |    13 |       |       |       ||   495
       Kick              |    15 |    27 |    82 |   183 |       |       |       ||   307
       Rapier            |       |       |     6 |   433 |   229 |       |       ||   668
       Dagger            |       |       |       |    73 |   116 |    43 |       ||   232
       Punch             |       |       |       |    14 |     5 |     1 |       ||    20
 Fire: Hand crossbow     |     8 |    34 |    82 |   133 |       |       |       ||   257
       Arbalest          |       |       |       |   163 |   839 |  1076 |    11 ||  2089
       Triple crossbow   |       |       |       |       |       |   140 |       ||   140
Throw: Tomahawk          |     3 |     4 |    20 |     8 |       |       |       ||    35
       Throwing net      |       |       |       |     5 |       |       |       ||     5
 Cast: Blink             |       |       |       |       |       |     8 |       ||     8
       Portal Projectile |       |       |       |       |       |    31 |       ||    31
       Song of Slaying   |       |       |       |       |       |     2 |       ||     2
       Blink Other       |       |       |       |       |       |     1 |       ||     1
Invok: Heroism           |       |       |     6 |    19 |    32 |    29 |       ||    86
       Finesse           |       |       |       |     4 |     5 |     7 |       ||    16
 Abil: Evoke Invisibilit |       |       |       |       |    10 |     4 |       ||    14
Evoke: Wand              |       |       |       |     4 |       |    18 |       ||    22
       Lamp of fire      |       |       |       |       |       |       |     1 ||     1
  Use: Scroll            |       |     9 |     8 |     4 |    18 |    13 |       ||    52
       Potion            |       |       |       |     2 |     4 |     3 |     1 ||    10
 Stab: Sleeping          |     5 |     6 |    11 |     3 |    16 |     5 |       ||    46
       Distracted        |       |     1 |     1 |     1 |       |     1 |       ||     4
       Held in net/web   |       |       |       |     5 |       |       |       ||     5
       Invisible         |       |       |       |       |    27 |     8 |       ||    35
       Paralysed         |       |       |       |       |     1 |     3 |       ||     4
       Petrified         |       |       |       |       |     1 |       |       ||     1
  Eat: Chunk             |     9 |     7 |    15 |    15 |    35 |    47 |       ||   128
Armor: Leather armour    |    23 |       |    33 |     4 |       |       |       ||    60
       Robe              |       |    17 |     3 |       |       |       |       ||    20
       Troll leather arm |       |       |       |    70 |    31 |       |       ||   101
       Skin              |       |       |       |     9 |    23 |       |       ||    32
       Ring mail         |       |       |       |       |    54 |    22 |       ||    76
       Scale mail        |       |       |       |       |       |   166 |     1 ||   167
Dodge: Dodged            |    96 |    84 |   148 |   382 |   854 |   731 |     7 ||  2302
Block: Other             |       |       |    20 |    69 |   118 |   124 |       ||   331
       Reflection        |       |       |     2 |     8 |     2 |    20 |       ||    32
